 Dungeon Crawl Stone Soup version 0.21.1-1-g345015fe64 (webtiles) character file.

84 KleinerIrrer the Chopper (level 4, 0/35 HPs)
             Began as a Formicid Fighter on Apr 4, 2018.
             Succumbed to an adder's poison
             ... on level 2 of the Dungeon.
             The game lasted 00:00:33 (1912 turns).

KleinerIrrer the Chopper (Formicid Fighter)         Turns: 1912, Time: 00:00:34

Health: 0/35       AC:  6    Str: 21    XL:     4   Next: 74%
Magic:  4/4        EV:  7    Int:  8    God:
Gold:   70         SH:  9    Dex: 10    Spells: 3/3 levels left

rFire    . . .     SeeInvis +   Y - +0 war axe
rCold    . . .     Gourm    .   c - +0 shield
rNeg     . . .     Faith    .   b - +0 scale mail
rPois    .         Spirit   .   (helmet unavailable)
rElec    .         Reflect  .   (no cloak)
rCorr    .         Harm     .   (no gloves)
MR       .....                  (no boots)
Stlth    ..........             (no amulet)
HPRegen  0.11/turn              (no ring)
MPRegen  0.09/turn              (no ring)

@: lethally poisoned (0 -> -4)
A: permanent stasis, dig shafts and tunnels, four strong arms, antennae 3
a: Dig, Shaft Self


You were on level 2 of the Dungeon.
You were not hungry.

You visited 1 branch of the dungeon, and saw 2 of its levels.

You collected 70 gold pieces.


Innate Abilities, Weirdness & Mutations

You cannot be hasted, slowed, berserked, paralysed or teleported.
You can dig through walls and to a lower floor.
Your four strong arms can wield two-handed weapons with a shield.
You have a pair of large antennae on your head. (SInv)


   Skills:
 - Level 3.2 Fighting
 + Level 4.5 Axes
 - Level 3.2 Armour
 - Level 3.6 Shields


You had 3 spell levels left.
You didn't know any spells.

Inventory:

Hand Weapons
 i - a +0 whip
 Y - a +0 war axe (weapon)
Armour
 b - a +0 scale mail (worn)
 c - a +0 shield (worn)
Jewellery
 k - an uncursed ring of see invisible {unknown}
Potions
 d - a potion of might
 f - a potion of resistance {unknown}
Comestibles
 e - 3 rations

Dungeon Overview and Level Annotations

Branches:
Dungeon (2/15)

Altars:
Ru


Message History

The adder is heavily wounded.
You feel sick. The adder barely misses you.
The adder bites you but does no damage.
You closely miss the adder.
The adder is heavily wounded.
You feel sick. The adder bites you.
You miss the adder.
The adder is heavily wounded.
The adder closely misses you. The adder bites you.
You barely miss the adder.
The adder is heavily wounded.
You feel sick. The adder bites you.
You are more poisoned.
The adder poisons you! You block the adder's attack.
You hit the adder.
You kill the adder!
You feel sick.
You feel sick.
You feel sick.
You die...

......(....
$..............
S........
..........
...#...####........
..S#...............
......####........
................%
####..............<
#.@.%%%...#........
#[##(.....###..#_##
#) #.(....###..#.##
.. ####....#.......
### ####.........
#..##......
####.##.......
#.......######
#.......#


There were no monsters in sight!

Vanquished Creatures
  4 adders (D:2)
  A dart slug (D:1)
  A leopard gecko (D:1)
  6 bats (D:1)
  2 giant cockroaches (D:1)
  6 goblins
  4 hobgoblins
  7 jackals
  5 kobolds
  3 frilled lizards
  5 rats
44 creatures vanquished.

Notes
Turn   | Place    | Note
-------+----------+-------------------------------------------
     0 | D:1      | KleinerIrrer the Formicid Fighter began the quest for the Orb.
     0 | D:1      | Reached XP level 1. HP: 18/18 MP: 1/1
     0 | D:1      | 0 ||| counter = 4
    39 | D:1      | Reached XP level 2. HP: 16/24 MP: 2/2
   146 | D:1      | 146 ||| DROPPING club.
   284 | D:1      | Reached skill level 3 in Axes
   440 | D:1      | Reached XP level 3. HP: 19/29 MP: 3/3
  1191 | D:1      | 1191 ||| UPGRADING to dyed leather armour.
  1201 | D:1      | 1201 ||| EATING 3 rations.
  1202 | D:1      | 1202 ||| UPGRADING to +0 scale mail.
  1212 | D:1      | 1212 ||| DROPPING +3 leather armour.
  1213 | D:1      | 1213 ||| READING scroll labeled XAINNIO QIOKHI.
  1214 | D:1      | 1214 ||| READING scroll labeled JASITI ICRA.
  1215 | D:1      | 1215 ||| READING scroll labeled ENAOSTROSHRO.
  1279 | D:2      | Found a sacrificial altar of Ru.
  1285 | D:2      | 1285 ||| STAIRDANCE
  1307 | D:2      | 1307 ||| STAIRDANCE
  1531 | D:2      | Reached skill level 4 in Axes
  1531 | D:2      | Reached XP level 4. HP: 31/35 MP: 4/4
  1569 | D:2      | 1569 ||| STAIRDANCE
  1788 | D:2      | HP: 8/35 [poisoned by an adder]
  1793 | D:2      | HP: 4/35 [poisoned by an adder]
  1801 | D:2      | HP: 3/35 [poisoned by an adder]
  1903 | D:2      | HP: 8/35 [adder (2)]
  1905 | D:2      | HP: 3/35 [adder (3)]
  1908 | D:2      | HP: 1/35 [poisoned by an adder]
  1912 | D:2      | Succumbed to an adder's poison

Vault maps used:
D:1:      kennysheep_arrival_seaside
D:2:      overflow_temple_1_default, minmay_split_cup_small

Skill      XL: |  1  2  3 |
---------------+----------+-----
Axes           | 3 4 |  4.5
Fighting       | |  3.2
Armour         | |  3.2
Shields        | |  3.6

Action                   |  1- 3 |  4- 6 || total
-------------------------+-------+-------++-------
Melee: War axe           |    94 |    52 ||   146
  Use: Scroll            |     3 |       ||     3
  Eat: Ration            |     1 |       ||     1
Armor: Scale mail        |    45 |    27 ||    72
Dodge: Dodged            |    28 |    16 ||    44
Block: Shield            |    61 |    34 ||    95

Table legend:
 A = Spawn XP
 B = Non-spawn XP
 C = Spawn XP percentage of total XP
 D = Spawn monster count
 E = Non-spawn monster count
 F = Spawn count percentage of total count
 G = Total turns spent on level
                    A         B        C        D         E        F      G
               +---------+---------+-------+---------+---------+-------+---------
         Total |       0 |     121 |   0.0 |       0 |      44 |   0.0 |  1912
               +---------+---------+-------+---------+---------+-------+---------
           D:1 |       0 |      52 |   0.0 |       0 |      30 |   0.0 |  1559
           D:2 |       0 |      69 |   0.0 |       0 |      14 |   0.0 |   353
               +---------+---------+-------+---------+---------+-------+---------
